 Dungeon Crawl Stone Soup version 0.18-a0-750-g37044d6 (webtiles) character file.

64 coffecat the Scratcher (level 3, 0/15 HPs)
             Began as a Felid Transmuter on Dec 11, 2015.
             Was an Initiate of Qazlal.
             Slain by a gnoll
             ... wielding a +0 halberd
              (15 damage)
             ... on level 4 of the Dungeon.
             The game lasted 00:07:33 (1901 turns).

coffecat the Scratcher (Felid Transmuter)           Turns: 1901, Time: 00:07:33

Health: 0/15       AC:  1    Str:  6    XL:     3   Next: 91%
Magic:  7/7        EV: 13    Int: 14    God:    Qazlal [......]
Gold:   87         SH:  0    Dex: 17    Spells: 2 memorised, 2 levels left
                                        Lives:  0   Deaths: 0

rFire  . . .     SeeInvis +       - Unarmed
rCold  . . .     Clarity  .     (armour unavailable)
rNeg   . . .     SustAt   .     (shield unavailable)
rPois  .         Gourm    .     (helmet unavailable)
rElec  .         Spirit   .     (cloak unavailable)
rCorr  .         Dismiss  .     (gloves unavailable)
rMut   .         Stasis   .     (boots unavailable)
MR     +....                    (no amulet)
Stlth  ++........               (no ring)
                                g - ring of protection from magic

@: quick, somewhat resistant to hostile enchantments, unstealthy
A: no armour, no weapons or thrown items, claws 1, fangs 3, see invisible,
carnivore 3, speed 1, shaggy fur 1, slow metabolism 1, sharp paws
a: Renounce Religion


You were on level 4 of the Dungeon.
You worshipped Qazlal.
Qazlal was noncommittal.
You were completely stuffed.

You visited 1 branch of the dungeon, and saw 4 of its levels.

You collected 87 gold pieces.

Inventory:

Missiles
 a - 33 arrows
Jewellery
 g - a ring of protection from magic (left paw)
Scrolls
 e - 2 scrolls of teleportation
 f - a scroll of amnesia {unknown}
Potions
 h - a potion of flight {unknown}
Books
 b - a book of Changes

   Spells                             Type                      Level
   a - Beastly Appendage              Transmutation                1
   b - Sticks to Snakes               Transmutation                2
   c - Spider Form                    Transmutation/Poison         3
   d - Ice Form                       Ice/Transmutation            4
   e - Blade Hands                    Transmutation                5
Comestibles
 c - 2 meat rations
 d - 3 chunks of flesh


   Skills:
 + Level 1.1 Fighting
 + Level 3.0 Dodging
 * Level 0.8 Stealth
 * Level 4.1 Unarmed Combat
 * Level 2.2 Spellcasting
 * Level 2.8 Transmutations


You had 2 spell levels left.
You knew the following spells:

 Your Spells              Type           Power        Failure   Level  Hunger
a - Beastly Appendage     Trmt           #.....       10%         1    #......
b - Spider Form           Trmt/Pois      #.........   47%         3    ###....


Dungeon Overview and Level Annotations

Branches:
Dungeon (4/15)
 Temple: D:4-7

Altars:
Qazlal


Innate Abilities, Weirdness & Mutations

You cannot wear armour.
You are incapable of wielding weapons or throwing items.
You have sharp claws.
You have razor-sharp teeth.
You have supernaturally acute eyesight.
You are carnivorous and can eat meat at any time.
You cover ground quickly.
You are covered in fur (AC +1).
You have a slow metabolism.
Your sharp claws are effective at attacking unaware monsters.


Message History

You see here a gnoll corpse.
You butcher the gnoll corpse.
d - 4 chunks of flesh (gained 3)
You start resting.
Eating one of 4 chunks of flesh.
This raw flesh tastes great.
You continue eating. x2
Your transformation is almost over.
You start resting.
Your horns disappear.
There is a stone staircase leading down here.
You start resting.
Your magical contamination has completely faded away.
You start resting.
Magic restored.
You climb downwards.
The gnoll misses you.
There is a stone staircase leading up here.
The gnoll closely misses you.
The gnoll hits you from afar with a halberd!
Ouch! That really hurt!
You die...

#.# .#
###.. ..
.... .##
... .. ..
.#
##g#.#####
#..g.....#
#..@.#
#..### #..
#.. #..
##. #. ..


You could see 2 gnolls.

Vanquished Creatures
  An adder (D:1)
  A gnoll (D:3)
  An ooze (D:1)
  A giant gecko (D:2)
  A ball python (D:1)
  5 bats
  3 giant cockroaches
  5 goblins (D:1)
  3 hobgoblins (D:1)
  6 kobolds
  6 giant newts
  4 rats
37 creatures vanquished.

Notes
Turn   | Place    | Note
--------------------------------------------------------------
     0 | D:1      | coffecat the Felid Transmuter began the quest for the Orb.
     0 | D:1      | Reached XP level 1. HP: 9/9 MP: 4/4
   157 | D:1      | Reached XP level 2. HP: 10/12 MP: 4/6
  1102 | D:1      | Reached XP level 3. HP: 15/15 MP: 7/7
  1229 | D:2      | Found a stormy altar of Qazlal.
  1250 | D:2      | Became a worshipper of Qazlal Stormbringer
  1461 | D:2      | Learned a level 3 spell: Spider Form
  1511 | D:2      | Reached skill level 4 in Unarmed Combat
  1901 | D:4      | Slain by a gnoll

Vault maps used:
D:1:      dpeg_arrival_rhombi, hangedman_feature_mirror,
          minmay_misc_feat_encased, kennysheep_doodads
D:2:      grunt_qazlal_clouds, first_bread, kennysheep_pointless_box,
          okawaru_altar_gauntlet_db
D:3:      nicolae_overflow_hidden_temple, bloody_makhleb, minmay_misc_feat_alley
D:4:      lemuel_round_altar, overflow_temple_1_default,
          minmay_temple_entry_poolview, serial_shops,
          nicolae_shop_temple_entry_statues_fountains, uniq_menkaure

Action                   || total
-------------------------++-------
Melee: Unarmed           ||   101
 Cast: Beastly Appendage ||    17
  Use: Scroll            ||     2
       Potion            ||     1
 Stab: Sleeping          ||     4
  Eat: Chunk             ||    10
